[Event "Team 45 45 League T54"]
[Site "Internet Chess Club"]
[Date "2012.10.13"]
[Round "9"]
[White "Mymas"]
[Black "charles-allen"]
[Result "0-1"]
[WhiteElo "1649"]
[BlackElo "1889"]
[Opening "Petrov: Nimzovich attack"]
[ECO "C42"]
[Time "20:01:14"]
[TimeControl "2700+45"]

1. e4 e5 2. Nf3 Nf6 3. Nxe5 d6 4. Nf3 Nxe4 5. Nc3 Nxc3 6. dxc3 Be7 7. Bd3 O-O 8.
h3 Re8 9. O-O Nc6 10. Bf4 Bf6 11. Qd2 Ne5 12. Nxe5 dxe5 13. Be3 e4 14. Bc4 Qxd2
15. Bxd2 Be6 16. Bxe6 Rxe6 17. Rfe1 Be5 18. Be3 b6 19. Bd4 Bxd4 20. cxd4 f5 21.
Re2 Kf7 22. Rae1 Rae8 23. g3 Kf6 24. Kg2 g5 25. h4 gxh4 26. gxh4 f4 27. Kh3 Kf5
28. Rg1 Rg6 29. Rxg6 hxg6 30. c4 e3 31. Kg2 Ke4 32. Kh3 Kf3 33. Rc2 exf2 34.
Rc3+ Re3 35. Rc1 Ke2+ 36. Kg2 Rg3+ 37. Kh2 f1=Q 38. Rxf1 Kxf1 39. b4 Ra3 40. c5
f3 41. d5 Rxa2+ 42. Kg3 f2 43. c6 Rd2 44. d6 Rxd6 45. b5 Kg1 {White resigns} 0-1

[Event "Team 45 45 League T54"]
[Site "Internet Chess Club"]
[Date "2012.10.13"]
[Round "9"]
[White "Nikhil03"]
[Black "j65536d"]
[Result "0-1"]
[WhiteElo "1675"]
[BlackElo "1883"]
[Opening "Sicilian: closed"]
[ECO "B23"]
[Time "15:00:52"]
[TimeControl "2700+45"]

1. e4 c5 2. Nc3 e6 3. f4 d5 4. Bb5+ Nc6 5. Nf3 Nf6 6. d3 Be7 7. O-O O-O 8. Qe1
Bd7 9. Qg3 a6 10. Bxc6 Bxc6 11. f5 dxe4 12. dxe4 Nxe4 13. Nxe4 Bxe4 14. Bh6 Bf6
15. fxe6 fxe6 16. Ng5 Bf5 17. Rf3 Qd4+ 18. Kh1 Rad8 19. Raf1 Kh8 20. Nxe6 Bxe6
21. c3 Qg4 22. Qc7 Qg6 23. Be3 Bd5 24. Rg3 Qf7 25. Qxc5 Bxa2 26. Qf5 Bh4 27.
Rgf3 Qxf5 28. Rxf5 Rxf5 29. Rxf5 Rd1+ 30. Bg1 Kg8 31. g3 Bd5+ {White resigns}
0-1

[Event "Team 45 45 League T54"]
[Site "Internet Chess Club"]
[Date "2012.10.12"]
[Round "9"]
[White "ChessicalZ"]
[Black "juniorVishy"]
[Result "1-0"]
[WhiteElo "1849"]
[BlackElo "1823"]
[Opening "English: Caro-Kann defensive system"]
[ECO "A11"]
[Time "17:05:07"]
[TimeControl "2700+45"]

1. c4 c6 2. g3 d5 3. Bg2 Nf6 4. Nf3 Bf5 5. cxd5 cxd5 6. Qb3 Qc8 7. Nc3 e6 8. d3
Nc6 9. Bf4 a6 10. O-O Be7 11. Rac1 O-O 12. Na4 Nd7 13. Ne5 Ra7 14. Nxd7 Qxd7 15.
Nb6 Qd8 16. Be3 d4 17. Bd2 Nb8 18. Nc8 Nc6 19. Nxa7 Nxa7 20. Qxb7 Nc8 21. Qxa6
Qd6 22. Qxd6 Nxd6 23. Rc2 Rb8 24. Rfc1 h6 25. Bf4 Rd8 26. Bxd6 Rxd6 {Black
resigns} 1-0

[Event "Team 45 45 League T54"]
[Site "Internet Chess Club"]
[Date "2012.10.13"]
[Round "9"]
[White "seikster"]
[Black "SlimeDog2"]
[Result "1-0"]
[WhiteElo "1994"]
[BlackElo "2102"]
[Opening "Giuoco Piano"]
[ECO "C54"]
[Time "18:06:39"]
[TimeControl "2700+45"]

1. e4 e5 2. Nf3 Nc6 3. Bc4 Bc5 4. c3 Nf6 5. d3 O-O 6. O-O d6 7. h3 Be6 8. Nbd2
Bb6 9. Bxe6 fxe6 10. Nc4 Qd7 11. a4 Na5 12. Nxb6 axb6 13. Qc2 Nc6 14. Be3 Nh5
15. d4 Nf4 16. dxe5 Nxh3+ 17. Kh2 Nf4 18. Qd2 Qf7 19. Bxf4 Qxf4+ 20. Qxf4 Rxf4
21. exd6 cxd6 22. Rfd1 Rxe4 23. Rxd6 Re2 24. b4 Rxf2 25. Rxe6 Rc2 26. b5 Na5 27.
Rd1 Rf8 28. Kg3 h6 29. Rd7 Kh7 30. Ree7 Rg8 31. Rc7 Ra2 32. Ne5 Rxa4 33. Ng4 Kh8
34. Kh3 Rc4 35. Nxh6 Rxc7 36. Nf7+ Kh7 37. Rxc7 Re8 38. Nd6 Re5 39. g4 Kg6 40.
c4 Kf6 41. Nxb7 Re3+ 42. Kg2 Re7 43. g5+ Ke6 44. Nd8+ Kd6 45. Rxe7 Kxe7 46. Nc6+
Ke6 47. Nd4+ Ke5 48. Nc6+ Kf5 49. Nxa5 bxa5 50. b6 {Black resigns} 1-0

[Event "Team 45 45 League T54"]
[Site "Internet Chess Club"]
[Date "2012.10.12"]
[Round "9"]
[White "wildkingdumb2"]
[Black "Warpdrive"]
[Result "1/2-1/2"]
[WhiteElo "1841"]
[BlackElo "1669"]
[Opening "Alekhine's defense: modern variation, 4...Bg4"]
[ECO "B05"]
[Time "21:00:12"]
[TimeControl "2700+45"]

1. e4 Nf6 2. e5 Nd5 3. d4 d6 4. Nf3 Bg4 5. Be2 e6 6. c4 Nb6 7. exd6 cxd6 8. Nc3
Be7 9. O-O O-O 10. b3 Nc6 11. Bb2 d5 12. cxd5 Nxd5 13. Nxd5 Qxd5 14. Ne5 Nxe5
15. Bxg4 Nxg4 16. Qxg4 Rac8 17. Rac1 b6 18. Qe2 Bf6 19. Qe3 Rfd8 20. Rfd1 h6 21.
f4 a6 22. Rxc8 Rxc8 23. Rd2 Qf5 24. Ba3 Rc2 25. Qe2 Rxd2 26. Qxd2 Qd5 27. Bb2
Kf8 28. Qb4+ Kg8 29. Qc3 b5 30. Kf2 h5 31. Qe3 g6 32. Qc3 Qd6 33. Qd2 Kh7 34.
Qe3 Qd5 35. Qd2 Qd6 36. Qe3 Qd5 37. Qd2 Qd6 {Game drawn by repetition} 1/2-1/2

[Event "Team 45 45 League T54"]
[Site "Internet Chess Club"]
[Date "2012.10.14"]
[Round "9"]
[White "tryanything"]
[Black "prapad"]
[Result "0-1"]
[WhiteElo "1590"]
[BlackElo "1678"]
[Opening "Queen's pawn game"]
[ECO "A46"]
[Time "18:50:40"]
[TimeControl "2700+45"]

1. d4 Nf6 2. Nf3 e6 3. Bf4 c5 4. e3 b6 5. c3 Bb7 6. Be2 Be7 7. h3 Nc6 8. O-O O-O
9. Nbd2 d5 10. Qc2 Re8 11. Rac1 Rc8 12. Rfe1 Nh5 13. Bh2 g6 14. Ne5 Ng7 15. Bb5
a6 16. Nxc6 Bxc6 17. Bxa6 Ra8 18. Be2 Rxa2 19. Ra1 Qa8 20. Qb1 Rxa1 21. Qxa1 Qb7
22. b3 Ra8 23. Qb2 c4 24. b4 Qa7 25. Bf3 Qa2 26. Qc1 Nf5 27. e4 Nh4 28. exd5
Nxf3+ 29. Nxf3 Bxd5 30. Qe3 Ra3 31. Qe5 Rxc3 32. Qb8+ Bf8 33. Bd6 Qa8 34. Qxb6
Bxf3 35. gxf3 Rxf3 36. Re3 Rxe3 37. fxe3 c3 38. Bxf8 c2 {White resigns} 0-1

[Event "Team 45 45 League T54"]
[Site "Internet Chess Club"]
[Date "2012.10.13"]
[Round "9"]
[White "SlimeDog2"]
[Black "carokantor"]
[Result "1-0"]
[WhiteElo "2116"]
[BlackElo "2042"]
[Opening "QGD: Ragozin variation"]
[ECO "D38"]
[Time "23:13:34"]
[TimeControl "2700+45"]

1. d4 Nf6 2. c4 e6 3. Nc3 d5 4. Nf3 Bb4 5. Qa4+ Nc6 6. Ne5 Bxc3+ 7. bxc3 Bd7 8.
Nxd7 Qxd7 9. Rb1 b6 10. e3 Ne7 11. Qxd7+ Kxd7 12. cxd5 exd5 13. c4 c6 14. Ba3
Rhe8 15. cxd5 Nexd5 16. Bd3 Nf4 17. Bf5+ Kc7 18. O-O N4d5 19. Rfc1 Kb7 20. Rc2
g6 21. Bh3 Ne4 22. Bd7 Rec8 23. Bxc8+ Rxc8 24. Re1 f5 25. f3 Nef6 26. Bd6 Re8
27. Kf2 Re6 28. Be5 Nd7 29. Bg3 Nb4 30. Rd2 Nf6 31. h3 g5 32. Be5 Nd7 33. f4 h6
34. g4 fxg4 35. hxg4 c5 36. f5 Re8 37. Bg7 Rg8 38. Bxh6 Nf6 39. Kf3 Nbd5 40.
dxc5 bxc5 41. e4 Nf4 42. e5 N6d5 43. f6 {Black resigns} 1-0

[Event "Team 45 45 League T54"]
[Site "Internet Chess Club"]
[Date "2012.10.15"]
[Round "9"]
[White "Killian"]
[Black "TerryMalloy"]
[Result "0-1"]
[WhiteElo "1882"]
[BlackElo "2031"]
[Opening "Four knights: Italian variation"]
[ECO "C47"]
[Time "16:01:54"]
[TimeControl "2700+45"]

1. e4 e5 2. Nf3 Nf6 3. Nc3 Nc6 4. Bc4 Nxe4 5. Bxf7+ Kxf7 6. Nxe4 d5 7. Ng3 Be7
8. d3 Rf8 9. O-O Kg8 10. Re1 Bf6 11. h3 Be6 12. Qe2 Qd6 13. Nh5 Rae8 14. Nxf6+
gxf6 15. c3 Kh8 16. Nh4 Rg8 17. Qf3 Qf8 18. Nf5 Ne7 19. Bh6 Qf7 20. Ng3 Qg6 21.
Bd2 Nf5 22. Qh5 Nxg3 23. Qxg6 Rxg6 24. fxg3 Rxg3 25. Re3 Reg8 26. Rxg3 Rxg3 27.
Kf2 Rxd3 28. Ke2 Rg3 29. Kf2 Rg6 30. Be3 b6 31. a4 c5 32. b4 d4 33. cxd4 cxd4
34. Bc1 Bd5 35. g3 f5 36. a5 b5 37. Bd2 Rc6 38. Rc1 Rxc1 39. Bxc1 Kg7 40. Bg5 a6
41. h4 Kg6 42. Be7 Kf7 43. Bc5 Ke6 44. Ke2 Bc4+ 45. Kf3 h5 46. Bb6 Kd5 47. Bc5
Bd3 48. Kf2 e4 49. Ke1 e3 50. Be7 Ke4 {White resigns} 0-1

[Event "Team 45 45 League T54"]
[Site "Internet Chess Club"]
[Date "2012.10.13"]
[Round "9"]
[White "sonoftill"]
[Black "jrobic7"]
[Result "1-0"]
[WhiteElo "2023"]
[BlackElo "1829"]
[Opening "Queen's pawn: London system"]
[ECO "A45"]
[Time "15:00:18"]
[TimeControl "2700+45"]

1. d4 Nf6 2. Bf4 e6 3. e3 d5 4. Bd3 Nbd7 5. Nd2 Be7 6. c3 c5 7. Ngf3 cxd4 8.
exd4 Nh5 9. Bg3 Nxg3 10. hxg3 Nf6 11. Ne5 h6 12. Qf3 a6 13. g4 g5 14. O-O Qc7
15. Rac1 b5 16. a4 Bd7 17. axb5 axb5 18. b4 O-O 19. Nb3 Bc6 20. Nc5 Nd7 21. Rfe1
Nxe5 22. Rxe5 Bd6 23. Qf6 Bxe5 24. Qxh6 f5 25. dxe5 Qxe5 26. Qg6+ Kh8 27. Qh6+
Kg8 28. Qxg5+ Kf7 29. gxf5 exf5 30. Bxf5 Qf6 31. Qh5+ Ke7 32. Re1+ Kd8 33. Ne6+
Ke7 34. Nxf8+ Kxf8 35. Bg6 Ra7 36. Qh6+ Rg7 37. Qh8+ {Black resigns} 1-0

[Event "Team 45 45 League T54"]
[Site "Internet Chess Club"]
[Date "2012.10.12"]
[Round "9"]
[White "cesaralexander"]
[Black "bgolev"]
[Result "1-0"]
[WhiteElo "1935"]
[BlackElo "1813"]
[Opening "Nimzo-Indian: classical, 4...c5"]
[ECO "E38"]
[Time "21:53:38"]
[TimeControl "2700+45"]

1. d4 Nf6 2. c4 e6 3. Nc3 Bb4 4. Qc2 c5 5. dxc5 Bxc5 6. e3 O-O 7. Nf3 d5 8. cxd5
Nxd5 9. Nxd5 Qxd5 10. Bc4 Bb4+ 11. Bd2 Bxd2+ 12. Nxd2 Qg5 13. O-O Bd7 14. Nf3
Qe7 15. Bd3 h6 16. Rfd1 Nc6 17. a3 e5 18. Be4 Rac8 19. Qe2 Rfd8 20. b4 a6 21.
Rd2 Bg4 22. h3 Rxd2 23. Qxd2 Bxf3 24. Bxf3 e4 25. Bg4 Rd8 26. Qc2 g6 27. Qc4 Qe5
28. Rf1 Rd2 29. a4 Kg7 30. Bd1 Qd5 31. Qc3+ Kg8 32. Bc2 Nxb4 33. Bxe4 Na2 34.
Qc8+ Qd8 35. Qxb7 Nc3 36. Bf3 Nxa4 37. Rc1 Rb2 38. Qxa6 Nb6 39. Rd1 Qc7 40. Qa3
Rc2 41. Be4 Rc3 42. Qb2 Rc5 43. Qb3 Rc1 44. Rxc1 Qxc1+ 45. Kh2 Qc7+ 46. g3 Kg7
47. h4 h5 48. Qb4 Nd7 49. Qd4+ Qe5 50. Qxd7 Qxe4 51. Qd4+ Qxd4 52. exd4 f5 53.
Kg2 Kf6 54. Kf3 {Black resigns} 1-0

[Event "Team 45 45 League T54"]
[Site "Internet Chess Club"]
[Date "2012.10.16"]
[Round "9"]
[White "badmove"]
[Black "ChessChamp"]
[Result "0-1"]
[WhiteElo "1771"]
[BlackElo "1745"]
[Opening "Trompowsky attack (Ruth, Opocenský opening)"]
[ECO "A45"]
[Time "17:20:39"]
[TimeControl "2700+45"]

1. d4 Nf6 2. Bg5 d5 3. e3 e6 4. Nd2 Bd6 5. Bxf6 Qxf6 6. g3 O-O 7. Bg2 Nd7 8. Ne2
c6 9. c4 b6 10. O-O Ba6 11. e4 Qe7 12. e5 Bc7 13. cxd5 cxd5 14. Rc1 Rac8 15. Re1
Bb8 16. f4 Rxc1 17. Qxc1 Rc8 18. Nc3 Bc7 19. Bf1 Bxf1 20. Rxf1 Qb4 21. Nf3 b5
22. a3 Qc4 23. Kf2 Ba5 24. Ne2 Bb6 25. Qxc4 bxc4 26. Rc1 Rb8 27. Rc2 Ba5 28. Nc1
f6 29. Ng1 Bb6 30. Nf3 fxe5 31. Ne2 e4 32. Ne5 Nxe5 33. fxe5 Rf8+ 34. Kg2 Rf3
35. Rc3 Rd3 36. Nf4 Rd2+ 37. Kh3 Bxd4 38. Rc1 Bxb2 39. Rf1 Bxe5 40. Nxe6 Bf6 41.
Nc7 e3 42. Nb5 e2 43. Re1 a6 44. Nd6 Rb2 45. Kg2 Bc3 {White resigns} 0-1

[Event "Team 45 45 League T54"]
[Site "Internet Chess Club"]
[Date "2012.10.15"]
[Round "9"]
[White "moomaster"]
[Black "ILRE"]
[Result "1-0"]
[WhiteElo "1800"]
[BlackElo "1528"]
[Opening "French: exchange variation"]
[ECO "C01"]
[Time "17:09:25"]
[TimeControl "2700+45"]

1. e4 e6 2. d4 d5 3. exd5 exd5 4. Bd3 Nc6 5. Nf3 Bg4 6. c3 Bd6 7. O-O Nge7 8. h3
Bh5 9. Na3 a6 10. Nc2 Qd7 11. Re1 O-O-O 12. a4 Rde8 13. b4 Nd8 14. Ne3 f6 15.
Ra2 g5 16. b5 a5 17. Ne5 Bxd1 18. Nxd7 Kxd7 19. Rxd1 h5 20. c4 dxc4 21. Nxc4 Bb4
22. d5 Kc8 23. Rc2 Kb8 24. d6 cxd6 25. Nb6 Ne6 26. Nd7+ Ka8 27. Nxf6 Ref8 28.
Nd7 Rd8 29. Re2 Rxd7 30. Rxe6 g4 31. hxg4 hxg4 32. Bb2 Rf8 33. Bg7 Rf7 34. Bd4
Bc5 35. Be2 Bxd4 36. Rxd4 Rg7 37. Bxg4 Rc7 38. Rexd6 Rc1+ 39. Kh2 Rh7+ 40. Bh3
Nf5 41. Rd8+ Ka7 42. R4d7 Rxd7 43. Rxd7 Rc5 44. Bxf5 Rxf5 45. Kg3 Rc5 46. f4 Kb8
47. Rd4 Kc7 48. Kg4 Kb6 49. f5 Rc2 50. f6 Rxg2+ 51. Kf5 Kc5 52. Rg4 Rf2+ 53. Rf4
Rxf4+ 54. Kxf4 Kb4 55. f7 Kxa4 56. f8=Q Kxb5 57. Ke4 b6 58. Kd5 Ka4 59. Kc6 b5
60. Qc5 b4 61. Qb5+ {Black resigns} 1-0

[Event "Team 45 45 League T54"]
[Site "Internet Chess Club"]
[Date "2012.10.16"]
[Round "9"]
[White "Helaman"]
[Black "Signalman"]
[Result "1-0"]
[WhiteElo "1749"]
[BlackElo "1554"]
[Opening "Philidor: Improved Hanham variation"]
[ECO "B07"]
[Time "14:01:42"]
[TimeControl "2700+45"]

1. e4 d6 2. d4 Nf6 3. Nc3 Nbd7 4. Nf3 e5 5. Bc4 Be7 6. O-O O-O 7. Re1 c6 8. a4
b6 9. d5 cxd5 10. Nxd5 Nxd5 11. Bxd5 Rb8 12. b3 a6 13. Bb2 Nf6 14. Bc4 Ne8 15.
Nd2 b5 16. axb5 axb5 17. Bd3 Qb6 18. Nf1 f5 19. exf5 Bxf5 20. Bxf5 Rxf5 21. Ne3
Rf7 22. Rf1 Nf6 23. Qd3 Qb7 24. Rad1 Rd8 25. Qe2 Ne4 26. f3 Nf6 27. f4 Nd7 28.
fxe5 Rxf1+ 29. Nxf1 Qb6+ 30. Bd4 Qb8 31. exd6 Bxd6 32. Qe6+ Kh8 33. Bxg7+ Kxg7
34. Rxd6 Nf8 35. Qf6+ Kg8 36. Rxd8 Qa7+ 37. Kh1 {Black resigns} 1-0

[Event "Team 45 45 League T54"]
[Site "Internet Chess Club"]
[Date "2012.10.15"]
[Round "9"]
[White "SugarIslander"]
[Black "iletrado"]
[Result "0-1"]
[WhiteElo "1650"]
[BlackElo "1794"]
[Opening "QGD: Orthodox defense, Bd3 line"]
[ECO "D66"]
[Time "17:00:06"]
[TimeControl "2700+45"]

1. d4 d5 2. c4 e6 3. Nc3 Nf6 4. Bg5 Nbd7 5. Nf3 c6 6. e3 Be7 7. Rc1 O-O 8. Bd3
Re8 9. Qc2 Nf8 10. O-O N6d7 11. Bxe7 Qxe7 12. cxd5 exd5 13. a3 Nb6 14. h3 Be6
15. Ne2 Ng6 16. Rfe1 Qf6 17. Ng3 Rac8 18. b4 Nd7 19. Qb1 Qd8 20. Ne2 Qf6 21. Rc3
Bxh3 22. Bxg6 hxg6 23. Nf4 Bf5 24. Qb2 Be4 25. Nd2 g5 26. Nh5 Qd6 27. Nxe4 Rxe4
28. f3 Re6 29. Qf2 Rce8 30. Ng3 Qe7 31. e4 dxe4 32. fxe4 Rf6 33. Qd2 Rf4 34. b5
cxb5 35. Rc7 Qd8 36. Rxb7 Nc5 37. Rxb5 Nxe4 38. Nxe4 Rfxe4 39. Rd1 Re2 40. Qxg5
Qd6 41. Qc1 Qg3 42. Rg5 Re1+ 43. Rxe1 Rxe1+ 44. Qxe1 Qxe1+ 45. Kh2 Qh4+ {White
resigns} 0-1

[Event "Team 45 45 League T54"]
[Site "Internet Chess Club"]
[Date "2012.10.13"]
[Round "9"]
[White "calily"]
[Black "rom1"]
[Result "1-0"]
[WhiteElo "1669"]
[BlackElo "1588"]
[Opening "Réti opening"]
[ECO "A05"]
[Time "02:06:43"]
[TimeControl "2700+45"]

1. Nf3 Nf6 2. g3 d5 3. d4 g6 4. Bg2 Bg7 5. O-O O-O 6. Nbd2 c6 7. c4 Bg4 8. h3
Bf5 9. b3 Re8 10. Bb2 Nbd7 11. Nh4 Be6 12. Qc2 Nf8 13. Rfe1 Qc8 14. Kh2 g5 15.
Nhf3 g4 16. hxg4 Nxg4+ 17. Kg1 Bf5 18. Qc3 Nf6 19. Nh4 Bh3 20. e4 Bxg2 21. Kxg2
e6 22. e5 Ng4 23. Qf3 Nh6 24. Ba3 Qd8 25. Qh5 Ng6 26. Ndf3 Nxh4+ 27. Nxh4 Kh8
28. Bc1 Ng8 29. Rh1 Nh6 {Black resigns} 1-0

[Event "Team 45 45 League T54"]
[Site "Internet Chess Club"]
[Date "2012.10.14"]
[Round "9"]
[White "oldsj"]
[Black "isolani"]
[Result "1/2-1/2"]
[WhiteElo "1629"]
[BlackElo "1599"]
[Opening "Pirc: Ufimtsev-Pytel variation"]
[ECO "B07"]
[Time "13:01:56"]
[TimeControl "2700+45"]

1. e4 d6 2. d4 Nf6 3. Nc3 c6 4. f4 Bg4 5. Nf3 e6 6. h3 Bxf3 7. Qxf3 d5 8. e5
Nfd7 9. a3 c5 10. dxc5 Bxc5 11. Bd2 Nc6 12. O-O-O a6 13. g4 Qc7 14. Bd3 Nd4 15.
Qg3 b5 16. Rde1 b4 17. axb4 Bxb4 18. f5 Qa5 19. fxe6 Nxe6 20. Rh2 Rb8 21. Bf5
Qa1+ 22. Nb1 Bxd2+ 23. Kxd2 Qxb2 24. Nc3 Qb4 25. Rb1 Qd4+ 26. Bd3 Rxb1 27. Nxb1
Qxe5 28. Qf2 Qf4+ 29. Qxf4 Nxf4 30. Bxa6 Ke7 31. Ke3 Ne6 32. Nd2 h5 33. Be2 d4+
34. Kf2 Nf4 35. g5 Nxe2 36. Kxe2 Kd6 37. Kf3 Re8 38. Ne4+ Kd5 39. Ng3 g6 40. Rd2
Ne5+ 41. Kf4 Nc4 42. Rd3 Re3 43. Rxe3 Nxe3 44. c3 Nd1 45. cxd4 Kxd4 46. Ne2+ Kd5
47. Kf3 Ke5 48. Ng3 Nc3 49. h4 Kd4 50. Kf4 Nd5+ 51. Kf3 f5 52. gxf6 Nxf6 53. Kf4
Nh7 {Game drawn by mutual agreement} 1/2-1/2

[Event "Team 45 45 League T54"]
[Site "Internet Chess Club"]
[Date "2012.10.14"]
[Round "9"]
[White "PANAMA-REY"]
[Black "nanning"]
[Result "0-1"]
[WhiteElo "1351"]
[BlackElo "1696"]
[Opening "Caro-Kann: exchange variation"]
[ECO "B13"]
[Time "14:00:06"]
[TimeControl "2700+45"]

1. e4 c6 2. d4 d5 3. exd5 cxd5 4. Bd3 Nc6 5. c3 Qc7 6. Ne2 Nf6 7. h3 e5 8. dxe5
Nxe5 9. Bc2 Be6 10. Bf4 Bd6 11. Bg5 Ne4 12. Be3 Nc4 13. Qc1 O-O 14. Nd4 Nxe3 15.
Qxe3 Bf4 16. Qd3 Qe5 17. O-O g6 18. Kh1 Rae8 19. f3 Ng3+ 20. Kg1 Be3+ 21. Kh2
Nxf1+ 22. Kh1 Qh2# {White checkmated} 0-1

[Event "Team 45 45 League T54"]
[Site "Internet Chess Club"]
[Date "2012.10.11"]
[Round "9"]
[White "joshq03"]
[Black "Cicero"]
[Result "1-0"]
[WhiteElo "1491"]
[BlackElo "1280"]
[Opening "Vienna gambit"]
[ECO "C29"]
[Time "19:30:40"]
[TimeControl "2700+45"]

1. e4 e5 2. Nc3 Nf6 3. f4 exf4 4. e5 Qe7 5. Qe2 Ng8 6. d4 f6 7. Nd5 Qf7 8. Nxc7+
Kd8 9. Nxa8 fxe5 10. Qxe5 d6 11. Qb5 Nc6 12. Nf3 Bd7 13. Qxb7 Nf6 14. Qc7+ Ke8
15. Qb7 Nd5 16. Bc4 Qe7+ 17. Kf2 Na5 18. Qb8+ Kf7 19. Bxd5+ Kf6 20. Re1 Be6 21.
Rxe6+ Qxe6 22. Bxe6 {Black resigns} 1-0

[Event "Team 45 45 League T54"]
[Site "Internet Chess Club"]
[Date "2012.10.14"]
[Round "9"]
[White "arconia"]
[Black "moodle"]
[Result "0-1"]
[WhiteElo "1320"]
[BlackElo "1398"]
[Opening "King's pawn game"]
[ECO "C44"]
[Time "19:28:45"]
[TimeControl "2700+45"]

1. e4 e5 2. Nf3 Nc6 3. d3 Nf6 4. Be2 d5 5. Nc3 dxe4 6. dxe4 Qxd1+ 7. Bxd1 Bb4 8.
O-O Bxc3 9. bxc3 Bg4 10. Rb1 O-O-O 11. Bb2 Nxe4 12. Re1 Bxf3 13. gxf3 Nd2 14.
Ra1 Rhe8 15. a4 e4 16. fxe4 Rxe4 17. Rxe4 Nxe4 18. Bf3 f5 19. c4 Nd4 20. Bxe4
fxe4 21. c3 Nf3+ 22. Kg2 Rd6 23. c5 Rg6+ 24. Kh3 Rh6+ 25. Kg3 Rxh2 26. c4 g5 27.
Ra3 Rh6 28. Re3 Re6 29. Rxf3 exf3 30. Kxf3 h5 31. Kg3 Re4 32. Bc1 Rxc4 33. Bxg5
Rxc5 34. f4 Ra5 35. Kh4 Rxa4 36. Kxh5 Kd7 37. f5 b5 38. f6 Ke6 39. Kg6 Ra2 40.
f7 Rf2 {White resigns} 0-1

[Event "Team 45 45 League T54"]
[Site "Internet Chess Club"]
[Date "2012.10.12"]
[Round "9"]
[White "IPWN"]
[Black "lawth3"]
[Result "1-0"]
[WhiteElo "1182"]
[BlackElo "1228"]
[Opening "Nimzo-Indian: three knights variation"]
[ECO "E21"]
[Time "19:00:14"]
[TimeControl "2700+45"]

1. d4 Nf6 2. c4 e6 3. Nf3 Bb4+ 4. Nc3 O-O 5. Bg5 Bxc3+ 6. bxc3 d6 7. e3 Nbd7 8.
Rb1 c5 9. Be2 Qc7 10. Bd3 b6 11. e4 e5 12. O-O Re8 13. Qd2 exd4 14. cxd4 Nxe4
15. Qe3 Ndf6 16. Bxf6 Nxf6 17. Qf4 Ba6 18. dxc5 Qxc5 19. Nd2 Nd5 20. Qh4 h6 21.
Rbc1 Nb4 22. Nb3 Qc7 23. Be4 Rad8 24. a3 Nd5 25. Bxd5 Re5 26. Qf4 Rd7 27. Rfd1
Rde7 28. Nd4 Qd7 29. Nc6 Re8 30. Nxe5 Rxe5 31. c5 Rf5 32. Qg4 Bc8 33. Be4 Rg5
34. Qxd7 Bxd7 35. Rxd6 Be8 36. Rd8 Kf8 37. c6 Ke7 38. c7 Rc5 39. Rxc5 {Black
resigns} 1-0

[Event "Team 45 45 League T54"]
[Site "Internet Chess Club"]
[Date "2012.10.10"]
[Round "9"]
[White "gareth"]
[Black "Morovon23"]
[Result "1/2-1/2"]
[WhiteElo "2285"]
[BlackElo "2326"]
[Opening "French: Tarrasch, closed variation, main line"]
[ECO "C06"]
[Time "10:00:41"]
[TimeControl "2700+45"]

1. d4 e6 2. e4 d5 3. Nd2 Nf6 4. e5 Nfd7 5. Bd3 c5 6. c3 Nc6 7. Ne2 cxd4 8. cxd4
f6 9. exf6 Nxf6 10. Nf3 Bd6 11. O-O O-O 12. Bf4 Bxf4 13. Nxf4 Ne4 14. g3 Qf6 15.
h4 h6 16. Bxe4 dxe4 17. Ne5 Rd8 18. Nxc6 bxc6 19. Qh5 Qf5 20. Qg6 Qxg6 21. Nxg6
Rxd4 22. Rac1 Bb7 23. Rfe1 Rad8 24. a3 c5 25. Nf4 Kf7 26. Rxc5 Rc8 27. Rcc1 g5
28. hxg5 hxg5 29. Ne2 Rd2 30. Rxc8 Bxc8 31. Nc3 Rxb2 32. Nxe4 Kg6 33. Nd6 Bd7
34. Nc4 Rb7 35. Ne5+ Kf6 36. Kg2 a5 37. Re3 Ba4 38. Kf3 Bb3 39. Ke4 Bd5+ 40. Kd4
Rb2 41. Rc3 Re2 {Game drawn by mutual agreement} 1/2-1/2

[Event "Team 45 45 League T54"]
[Site "Internet Chess Club"]
[Date "2012.10.13"]
[Round "9"]
[White "MikeA"]
[Black "robertoalvarez"]
[Result "1/2-1/2"]
[WhiteElo "2253"]
[BlackElo "2290"]
[Opening "French: Tarrasch, closed variation"]
[ECO "C05"]
[Time "13:00:18"]
[TimeControl "2700+45"]

1. e4 e6 2. d4 d5 3. Nd2 Nf6 4. e5 Nfd7 5. f4 c5 6. c3 Nc6 7. Ndf3 Qb6 8. Ne2 f6
9. g3 cxd4 10. Nexd4 fxe5 11. fxe5 Nc5 12. Bb5 Be7 13. O-O O-O {Game drawn by
mutual agreement} 1/2-1/2

[Event "Team 45 45 League T54"]
[Site "Internet Chess Club"]
[Date "2012.10.12"]
[Round "9"]
[White "Pomberito"]
[Black "StephenHawking"]
[Result "1/2-1/2"]
[WhiteElo "2109"]
[BlackElo "2227"]
[Opening "French: Winawer, classical variation"]
[ECO "C18"]
[Time "21:03:20"]
[TimeControl "2700+45"]

1. e4 e6 2. d4 d5 3. Nc3 Bb4 4. e5 c5 5. a3 Bxc3+ 6. bxc3 Qc7 7. Qg4 f5 8. Qg3
cxd4 9. cxd4 Ne7 10. Bd2 O-O 11. Bd3 b6 12. Ne2 Ba6 13. Nf4 Qd7 14. Bxa6 Nxa6
15. Qd3 Nb8 16. h4 Nbc6 17. Rh3 Rac8 18. Rg3 Kh8 19. h5 Rf7 20. Ng6+ Kg8 21. Nf4
Nb8 22. Rb1 Rc4 23. Bb4 Nbc6 24. c3 Nxe5 25. Qe2 N7c6 26. Re3 a5 27. Bxa5 bxa5
28. Rxe5 Nxe5 29. Qxe5 Rf6 30. Kd2 Rc8 31. Rb6 Qc7 32. Qxc7 Rxc7 33. Nxe6 Rc8
34. Ra6 Kf7 35. Ng5+ Kg8 36. Rxa5 Rfc6 37. Rxd5 Rxc3 38. Rxf5 Rc2+ 39. Kd3 R8c3+
40. Ke4 Re2+ 41. Kd5 Rxa3 42. Ne6 Ra5+ 43. Nc5 Ra8 44. Kc4 Rf8 45. Rxf8+ Kxf8
46. Nd3 Ke7 47. Kd5 Kf6 48. g4 Kg5 49. f3 h6 50. Ne5 Kf4 51. Ke6 Rd2 52. Kf7
Rxd4 53. Kxg7 Kxe5 54. Kxh6 Rf4 55. Kg7 Rxf3 {Game drawn by mutual agreement}
1/2-1/2

[Event "Team 45 45 League T54"]
[Site "Internet Chess Club"]
[Date "2012.10.12"]
[Round "9"]
[White "perikitosax"]
[Black "MarioFrank"]
[Result "1/2-1/2"]
[WhiteElo "1976"]
[BlackElo "2020"]
[Opening "QGD Slav accepted: Alapin variation"]
[ECO "D16"]
[Time "15:06:19"]
[TimeControl "2700+45"]

1. d4 d5 2. Nf3 Nf6 3. c4 c6 4. Nc3 dxc4 5. a4 Na6 6. e3 Bg4 7. Bxc4 e6 8. O-O
Nb4 9. e4 Be7 10. Be3 O-O 11. Qe2 a5 12. Rfd1 Qc7 13. Rac1 Rad8 14. h3 Bh5 15.
Bg5 Rfe8 16. g4 Bg6 17. Ne5 Nd7 18. Bxe7 Rxe7 19. f4 Nxe5 20. dxe5 Rxd1+ 21.
Rxd1 f6 22. Rd6 Bf7 23. Qd2 fxe5 24. fxe5 h6 25. Ne2 Kh7 26. Nf4 Qb6+ 27. Qf2
Qxf2+ 28. Kxf2 g5 29. Nd3 Nxd3+ 30. Bxd3 Kg7 31. Bc4 b5 32. Bb3 Rb7 33. Rxc6
bxa4 34. Bxa4 Rxb2+ 35. Ke3 Rb4 36. Bc2 Kf8 37. Ra6 Rb5 38. Kd4 Ke7 39. Ra7+ Kf8
40. Bd3 Rb2 41. Rxa5 Rh2 42. Kc5 Rxh3 43. Bc4 h5 44. gxh5 Rxh5 45. Kd6 g4 46.
Ra8+ Kg7 47. Ra2 g3 48. Rg2 Rg5 49. Ke7 Rg6 50. Bb3 Bg8 51. Bc4 Kh6 52. Be2 Rg7+
53. Kd6 {Game drawn by mutual agreement} 1/2-1/2